 Dungeon Crawl Stone Soup version 0.18.1-6-gd335043 (webtiles) character file.

66 HungrySpirit the Sneak (level 4, -1/26 HPs)
             Began as a Tengu Enchanter on May 20, 2016.
             Slain by a hobgoblin
             ... wielding a +0 club
              (5 damage)
             ... on level 2 of the Dungeon.
             The game lasted 00:03:14 (1881 turns).

HungrySpirit the Sneak (Tengu Enchanter)            Turns: 1881, Time: 00:03:14

Health: -1/26      AC:  4    Str:  8    XL:     4   Next: 15%
Magic:  8/8        EV: 10    Int: 16    God:
Gold:   30         SH:  0    Dex: 15    Spells: 2 memorised, 4 levels left

rFire  . . .     SeeInvis .     n - +0 dagger (venom)
rCold  . . .     Gourm    .     b - +1 robe
rNeg   . . .     Faith    .     (no shield)
rPois  .         Spirit   .     (helmet restricted)
rElec  .         Dismiss  .     m - +0 cloak
rCorr  .         Reflect  .     (no gloves)
SustAt .         Harm     .     (boots unavailable)
MR     .....                    (no amulet)
Stlth  ++........               (no ring)
                                (no ring)

@: lethally poisoned (-1 -> -3), constricted, not resistant to hostile
enchantments, unstealthy
A: beak, talons 3
a: no special abilities


You were on level 2 of the Dungeon.
You were not hungry.

You visited 1 branch of the dungeon, and saw 2 of its levels.

You collected 30 gold pieces.

Inventory:

Hand Weapons
 j - a +0 falchion
 n - a +0 dagger of venom (weapon)
Armour
 b - a +1 robe (worn)
 m - a +0 cloak (worn)
Scrolls
 g - a scroll of identify {unknown}
 h - a scroll of immolation {unknown}
 i - 2 scrolls of remove curse {unknown}
 l - a scroll of enchant armour {unknown}
 p - a scroll of teleportation {unknown}
Potions
 a - 2 potions of heal wounds {unknown}
 e - 2 potions of mutation {unknown}
 f - 3 potions of curing {unknown}
 k - a potion of might {unknown}
Books
 c - a book of Maledictions

   Spells                             Type                      Level
   a - Corona                         Hexes                        1
   b - Ensorcelled Hibernation        Hexes/Ice                    2
   c - Confuse                        Hexes                        3
   d - Tukima's Dance                 Hexes                        3
   e - Dazzling Spray                 Conjuration/Hexes            3
Comestibles
 d - 2 bread rations
 o - a beef jerky


   Skills:
 + Level 1.9 Fighting
 * Level 2.9 Short Blades
 + Level 2.9 Dodging
 - Level 3.0 Stealth
 - Level 2.0 Spellcasting
 - Level 2.1 Hexes


You had 4 spell levels left.
You knew the following spells:

 Your Spells              Type           Power        Failure   Level  Hunger
a - Corona                Hex            #......      10%         1    #......
b - Ensorcelled Hibernat  Hex/Ice        #.....       21%         2    ###....


Dungeon Overview and Level Annotations

Branches:
Dungeon (2/15)

Altars:


Innate Abilities, Weirdness & Mutations

You have a beak for a mouth.
You have claws for feet.


Message History

The bat misses you. The bat completely misses you.
The kobold hits you with a short sword. The bat hits you but does no damage.
You see here a stone.
You feel sick. The bat closely misses you. The bat closely misses you.
The bat hits you.
* * * LOW HITPOINT WARNING * * *
The bat barely misses you.
The ball python bites you but does no damage.
The ball python barely misses you.
You feel sick. The bat hits you but does no damage. The bat closely misses you.
The bat barely misses you. The bat hits you but does no damage.
The bat hits you but does no damage.
You feel sick. The bat hits you but does no damage.
There is an escape hatch in the ceiling here.
The ball python barely misses you. The ball python grabs you.
You stop ascending the stairs.
* * * LOW HITPOINT WARNING * * *
The ball python constricts you. The hobgoblin hits you with a club.
You die...

#...............###
#...............#
#####...#########
####...<..##
#..........#
#.#...#..#.#
#.#........#
#.#......#.#
#..@.....###
##KgSb†..#
#..r....# #....####
#....# #....#
#....# #....#
#....#


You could see a hobgoblin, a bat, a ball python, a kobold and a rat.

Vanquished Creatures
  2 adders
  A gnoll (D:1)
  3 dart slugs
  3 giant geckos
  4 goblins (D:1)
  A hobgoblin (D:1)
  5 kobolds (D:1)
  7 bats (D:1)
  3 giant newts
  6 rats
35 creatures vanquished.

Notes
Turn   | Place    | Note
--------------------------------------------------------------
     0 | D:1      | HungrySpirit the Tengu Enchanter began the quest for the Orb.
     0 | D:1      | Reached XP level 1. HP: 10/10 MP: 4/4
    50 | D:1      | Reached XP level 2. HP: 13/16 MP: 6/6
   355 | D:1      | Reached skill level 1 in Fighting
   960 | D:2      | Learned a level 2 spell: Ensorcelled Hibernation
   976 | D:2      | Reached XP level 3. HP: 20/20 MP: 7/7
  1860 | D:2      | Reached XP level 4. HP: 23/26 MP: 8/8
  1881 | D:2      | Slain by a hobgoblin

Skill      XL: |  1  2 |
---------------+-------+-----
Fighting       | 1 |  1.9
Short Blades   | 2 |  2.9
Dodging        | |  2.9
Stealth        | |  3.0
Spellcasting   | |  2.0
Hexes          | |  2.1

Action                   |  1- 3 |  4- 6 || total
-------------------------+-------+-------++-------
Melee: Dagger            |    86 |     6 ||    92
       Kick              |    17 |       ||    17
       Peck              |     7 |       ||     7
 Cast: Ensorcelled Hiber |     4 |       ||     4
 Stab: Sleeping          |    10 |       ||    10
       Distracted        |     1 |       ||     1
  Eat: Chunk             |     3 |       ||     3
Armor: Robe              |    11 |    15 ||    26
Dodge: Dodged            |    48 |    30 ||    78
